 Dungeon Crawl Stone Soup version 0.31-a0-705-ga145531891 (webtiles) character file.

Game seed: 379083218873371844

154 Xavori the Cutter (level 5, -8/36 HPs)
             Began as an Octopode Chaos Knight on Sept 10, 2023.
             Was a Plaything of Xom.
             Mangled by an ice devil (20 damage)
             ... summoned by Xom
             ... on level 3 of the Dungeon.
             The game lasted 00:02:24 (10815 turns).

Xavori the Cutter (Octopode Chaos Knight)          Turns: 10815, Time: 00:02:24

Health: -8/36      AC:  1    Str: 17      XL:     5   Next: 36%
Magic:  5/5        EV: 14    Int: 14      God:    Xom [.*....]
Gold:   235        SH:  0    Dex: 13 (14) Spells: 4/4 levels left

rFire   + . .        h - +1 rapier (flame)
rCold   . . .        (no shield)
rNeg    . . .        (helmet restricted)
rPois   .            (no amulet)
rElec   .            f - ring of protection from fire
rCorr   .            j - +6 ring of strength
SInv    .            (no ring)
Will    .....        (no ring)
Stlth   +++          (no ring)
HPRegen 0.26/turn    (no ring)
MPRegen 0.09/turn    (no ring)
                     (no ring)

%: no passive effects
@: no status effects
A: almost no armour, amphibious, 8 rings, camouflage 1, gelatinous body 1,
(nimble swimmer 1), tentacles
a: Renounce Religion


You were on level 3 of the Dungeon.
You worshipped Xom.
You were a plaything of Xom.
You visited 1 branch of the dungeon, and saw 3 of its levels.

You collected 235 gold pieces.

Inventory:

Hand Weapons
 h - a +1 rapier of flaming (weapon)
Jewellery
 f - a ring of protection from fire (left tentacle)
 j - a +6 ring of strength (right tentacle)
Scrolls
 a - a scroll of fog {unknown}
 b - a scroll of butterflies
 c - a scroll of identify
 e - a scroll of brand weapon {unknown}
 i - a scroll of torment {unknown}
 k - a scroll of amnesia {unknown}
 o - a scroll of teleportation {unknown}
Potions
 d - 2 potions of mutation
 g - a potion of brilliance {unknown}
 l - a potion of resistance {unknown}
 m - a potion of curing {unknown}
 n - a potion of heal wounds {unknown}


   Skills:
 + Level 3.5 Fighting
 + Level 4.2 Short Blades
 + Level 3.1 Dodging
 + Level 3.7 Stealth


You had 4 spell levels left.
You didn't know any spells.
Your spell library was empty.

Dungeon Overview and Level Annotations

Branches:
Dungeon (3/15)

Altars:
Elyvilon
Hepliaklqana
Xom


Innate Abilities, Weirdness & Mutations

You cannot wear most types of armour.
You are amphibious.
You can wear up to eight rings at the same time.
Your skin changes colour to match your surroundings (Stealth+).
Your rubbery body absorbs attacks. (AC +1, EV +1)
((You are camouflaged when in or above water. (Stealth+)))
You have tentacles for arms and can constrict up to eight enemies at once.


Message History

Your squeeze misses the goblin. The goblin hits you with a +0 dagger.
You hit the goblin. You burn the goblin.
You kill the goblin!
No target in view!
No target in view!
HP restored.
You see here a +0 dagger.
A quokka comes into view.
A quokka is nearby!
A quokka is nearby!
A quokka is nearby!
You barely miss the quokka. You grab the quokka.
You constrict the quokka, but do no damage.
The quokka bites you.
You barely miss the quokka. You squeeze the quokka.
The quokka is moderately wounded.
You constrict the quokka. The quokka bites you.
A quokka is nearby!
You hit the quokka. You burn the quokka.
You kill the quokka!
You see here a quokka corpse.
You hear Xom's maniacal laughter.
You are now a plaything of Xom.
You miss the quasit. Your grab misses the quasit.
The quasit completely misses you. The quasit claws you.
The quasit barely misses you.
There are monsters nearby!
You hit the ice devil but do no damage. Your grab misses the ice devil.
The quasit bites you.
You feel clumsy. The quasit misses you. The quasit barely misses you.
The ice devil hits you. The ice devil freezes you!
There are monsters nearby!
You are too injured to fight recklessly!
You hit the ice devil but do no damage. You grab the ice devil.
You squeeze the ice devil, but do no damage.
You constrict the ice devil, but do no damage.
The quasit misses you. The quasit barely misses you. x2
The ice devil hits you. The ice devil freezes you!!
Ouch! That really hurt!
You die...

#..##.####..
#..##.##....
#.[......#..
#.###...##.. #.#
###..##. #.# ##.#..
...# #..... ####..#
##.##.. #@55.#
#.)##.. #4####
#...... #.# #...PPP
####.# ##.....
###.†..# ######
##...#### #..###
#^..#####
###.....###########


You could see an ice devil (summoned), a quasit (summoned) and a shadow imp
(summoned).

Vanquished Creatures
  Jessica (D:3)
  3 adders
  2 worms
  2 dart slugs (D:1)
  7 orcs
  4 endoplasms
  12 giant cockroaches
  4 goblins
  6 hobgoblins
  5 jackals (D:1)
  6 quokkas
  5 ball pythons
  5 bats
  3 frilled lizards
  6 kobolds
  8 rats
79 creatures vanquished.

Notes
Turn   | Place    | Note
-------+----------+-------------------------------------------
     0 | D:1      | Xavori the Octopode Chaos Knight began the quest for the
                  | Orb.
     0 | D:1      | Reached XP level 1. HP: 16/16 MP: 1/1
    54 | D:1      | XOM: silly message
    60 | D:1      | Reached XP level 2. HP: 19/21 MP: 2/2
    82 | D:1      | XOM: divination: detect creatures
   196 | D:1      | Reached skill level 1 in Stealth
   197 | D:1      | XOM: noise
   334 | D:1      | XOM: divination: detect items
   368 | D:1      | Reached XP level 3. HP: 26/26 MP: 3/3
  1043 | D:1      | XOM: scenery: create altars
  1476 | D:1      | XOM: god gift: scroll labelled HINTUS UMAAH {god gift}
  1480 | D:1      | Identified a scroll of acquirement
  1480 | D:1      | Acquired a +1 rapier of flaming
  1901 | D:1      | XOM: god gift: mace {god gift}
  2723 | D:1      | XOM: silly message
  3351 | D:1      | XOM: noise
  3472 | D:1      | XOM: cloud trail
  4278 | D:1      | XOM: silly message
  4495 | D:1      | XOM: silly message
  5108 | D:1      | XOM is BORED!
  5108 | D:1      | XOM: noise
  5224 | D:1      | XOM is BORED!
  5909 | D:1      | XOM: noise
  6070 | D:1      | XOM: cloud trail
  6920 | D:1      | XOM: scenery: summon butterflies
  7331 | D:1      | XOM: god gift: hand axe {god gift}
  8136 | D:1      | XOM: silly message
  8857 | D:1      | XOM: noise
  9297 | D:2      | XOM: smoke on damage
  9349 | D:2      | XOM: silly message
  9438 | D:2      | Found a hazy altar of Hepliaklqana.
  9631 | D:2      | Reached XP level 4. HP: 31/31 MP: 4/4
  9645 | D:2      | XOM: noise
 10113 | D:3      | Found a white marble altar of Elyvilon.
 10189 | D:3      | Reached skill level 4 in Short Blades
 10280 | D:3      | XOM is BORED!
 10356 | D:3      | Found a hazy altar of Hepliaklqana.
 10363 | D:3      | Noticed Jessica
 10365 | D:3      | XOM: confuse monster(s)
 10371 | D:3      | Killed Jessica
 10372 | D:3      | Reached XP level 5. HP: 19/36 MP: 5/5
 10649 | D:3      | XOM: god gift: 27 gold pieces
 10699 | D:3      | XOM: 2-stop teleportation journey
 10812 | D:3      | XOM: summons 3 hostile demons
 10813 | D:3      | Noticed an ice devil
 10815 | D:3      | Mangled by an ice devil

Illustrated notes

Levels and vault maps discovered:
D:1:      wander_arrival_desolate, layout_rooms
D:2:      minmay_roachtagon, layout_loops_ring, basic_altar,
          chequers_serial_rivers_marsh
D:3:      layout_rooms, mainiacjoe_overflow_catwalk,
          mainiacjoe_overflow_boulevard, uniq_jessica

Skill      XL: |  1  2  3  4 |
---------------+-------------+-----
Stealth        | 1 2 3 |  3.7
Dodging        | 3 |  3.1
Short Blades   | 4 |  4.2
Fighting       | |  3.5

Action                     |  1- 3 |  4- 6 || total
---------------------------+-------+-------++-------
  Melee: Short sword       |    46 |       ||    46
         Constrict         |    18 |    17 ||    35
         Tentacles         |    14 |    10 ||    24
         Rapier            |    32 |    70 ||   102
         Punch             |     1 |       ||     1
    Use: Scroll            |     3 |       ||     3
   Stab: Sleeping          |     6 |     4 ||    10
         Confused          |       |     1 ||     1
 Armour: Skin              |    21 |    36 ||    57
  Dodge: Dodged            |    57 |    47 ||   104

Table legend: (Time is in decaauts)
 A = Elapsed time spent in this place.
 B = Non-inter-level travel time spent in this place.
 C = Inter-level travel time spent in this place.
 D = Time resting spent in this place.
 E = Time spent auto-exploring this place.
 F = Levels seen in this place.
 G = Mean time per level.
                   A        B        C        D        E       F      G
               +--------+--------+--------+--------+--------+-----+--------+
         Total |  10809 |  10794 |     15 |   9170 |   1186 |   3 | 3603.0 |
       Dungeon |  10809 |  10794 |     15 |   9170 |   1186 |   3 | 3603.0 |
               +--------+--------+--------+--------+--------+-----+--------+

Top non-repeatable levels by time:
     D:1: 9248 daAuts
     D:2: 793 daAuts
     D:3: 767 daAuts
